 Dungeon Crawl Stone Soup version 0.25.1-3-ge44b62a0b3 (webtiles) character file.

Game seed: 1062018973003779636

154220 BledDest the Prestidigitator (level 17, -3/123 HPs)
             Began as a Demonspawn Artificer on Nov 20, 2020.
             Was the Champion of Hepliaklqana.
             Killed from afar by a thorn hunter (27 damage)
             ... with a volley of thorns
             ... on level 4 of the Swamp on Nov 21, 2020.
             The game lasted 01:36:23 (38709 turns).

BledDest the Prestidigitator (DsAr)                Turns: 38709, Time: 01:36:23

Health: -3/123     AC: 15    Str: 27    XL:     17   Next: 6%
Magic:  0/27       EV: 22    Int: 18    God:    Hepliaklqana [******]
Gold:   944        SH:  5    Dex: 15    Spells: 16/16 levels left

rFire    + + .     SeeInvis +   b - +7 long sword "Komuodgh" {venom, rF+ rN+ Str+3}
rCold    + + .     Gourm    .   (no shield)
rNeg     + . .     Faith    .   i - +0 swamp dragon scales
rPois    +         Spirit   +   Y - +1 helmet {Int+3}
rElec    +         Reflect  +   F - scarf {rC+ rF+}
rCorr    +         Harm     .   x - +0 pair of gloves
MR       +++..                  M - +0 pair of boots
Stlth    ++........             w - amulet of reflection
HPRegen  0.30/turn              e - ring of the Present {rElec Str+6 Int+3 Dex+2 Stlth+}
MPRegen  0.40/turn              Z - ring of the Final Servitors {+Blink MR++ rCorr Dex-3 SInv}

@: very slightly contaminated, repel missiles
A: reduced essence, hooves 2, repulsion field 3, cold resistance 1, demonic
guardian 2, magic shield, magic regeneration
a: Recall Ancestor, Ancestor Identity, Transference, Idealise, Renounce
Religion, Evoke Blink


You were on level 4 of the Swamp.
You worshipped Hepliaklqana.
Hepliaklqana was exalted by your worship.
You were hungry.

You visited 5 branches of the dungeon, and saw 28 of its levels.
You also visited: Sewer and Ice Cave.

You collected 2858 gold pieces.
You spent 1914 gold pieces at shops.

Inventory:

Hand Weapons
 a - the +1 great sword of Wyler {flame, rF+ Int+4 Stlth-}
   (You found it on level 6 of the Lair of Beasts)

   It has been specially enchanted to burn those struck by it, causing extra
   injury to most foes and up to half again as much damage against particularly
   susceptible opponents.
   Big, fiery blades are also staple armaments of hydra-hunters.
   It affects your intelligence (+4).
   It protects you from fire.
   It makes you less stealthy.
 b - the +7 long sword "Komuodgh" (weapon) {venom, rF+ rN+ Str+3}
   (You took it off a crimson imp on level 8 of the Dungeon)

   It poisons the flesh of those it strikes.
   It affects your strength (+3).
   It protects you from fire.
   It protects you from negative energy.
Missiles
 m - 113 poisoned darts (quivered)
Armour
 i - +0 swamp dragon scales (worn)
 t - a +0 kite shield
 x - a +0 pair of gloves (worn)
 F - a scarf of resistance (worn)
 L - a +4 plate armour of cold resistance
 M - a +0 pair of boots (worn)
 Y - a +1 helmet of intelligence (worn)
Jewellery
 e - the ring of the Present (left hand) {rElec Str+6 Int+3 Dex+2 Stlth+}
   (You bought it in a shop on level 5 of the Dungeon)

   [ring of strength]

   It affects your strength (+6).
   It affects your intelligence (+3).
   It affects your dexterity (+2).
   It insulates you from electricity.
   It makes you more stealthy.
 w - an amulet of reflection (around neck)
 D - an uncursed ring of ice {unknown}
 I - a cursed ring of attention {unknown}
 Z - the ring of the Final Servitors (right hand) {+Blink MR++ rCorr Dex-3 SInv}
   (You found it on level 6 of the Lair of Beasts)

   [ring of resist corrosion]

   It affects your dexterity (-3).
   It affects your resistance to hostile enchantments.
   It lets you see invisible.
   It lets you blink.
   It provides partial protection from all sources of acid and corrosion.
Wands
 c - a wand of flame (46)
 d - a wand of enslavement (27)
 q - a wand of polymorph (19)
 u - a wand of iceblast (6)
 y - a wand of paralysis (32)
 P - a wand of acid (9)
 T - a wand of disintegration (11)
 U - a wand of digging (12)
 X - a wand of random effects (7)
Scrolls
 g - 3 scrolls of fog
 h - 10 scrolls of identify
 j - 4 scrolls of remove curse
 l - 6 scrolls of blinking
 A - 5 scrolls of immolation
 C - 10 scrolls of teleportation
 H - a scroll of enchant armour
 J - 3 scrolls of enchant weapon
 K - a scroll of fear
 N - a scroll of torment {unknown}
 Q - 6 scrolls of vulnerability
Potions
 k - 10 potions of curing
 n - 7 potions of flight
 o - a potion of magic
 r - a potion of resistance
 s - 7 potions of might
 z - 4 potions of lignification
 B - a potion of stabbing
 O - a potion of invisibility
 S - 2 potions of cancellation
 V - 2 potions of haste
 W - 2 potions of brilliance
Miscellaneous
 p - a phial of floods
 E - a lightning rod (4/4)
 G - a tin of tremorstones (3/3)
Comestibles
 f - 31 rations


   Skills:
 + Level 13.3 Fighting
   Level 0.8(9.3) Short Blades
 - Level 13.9(14.0) Long Blades
   Level 10.0 Maces & Flails
 - Level 10.0 Armour
 - Level 10.0 Dodging
 - Level 0.8 Stealth
 + Level 5.7 Shields
 + Level 14.3 Evocations


You had 16 spell levels left.
You didn't know any spells.
Your spell library contained the following spells:

 Spells                   Type           Power        Failure   Level  Hunger
 Animate Skeleton         Necr           N/A          30%         1    ##.....
 Apportation              Tloc           #.....       30%         1    ##.....
 Corona                   Hex            #......      30%         1    ##.....
 Freeze                   Ice            #...         30%         1    ##.....
 Infusion                 Chrm           #...         30%         1    ##.....
 Summon Butterflies       Summ           #.......     30%         1    ##.....
 Summon Small Mammal      Summ           #...         30%         1    ##.....
 Passwall                 Tmut/Erth      #.......     41%         2    ###....
 Shroud of Golubria       Chrm/Tloc      #.....       41%         2    ###....
 Song of Slaying          Chrm           #.......     41%         2    ###....
 Swiftness                Chrm/Air       #.......     41%         2    ###....
 Frozen Ramparts          Ice            #.....       65%         3    ####...
 Lesser Beckoning         Tloc           #.........   65%         3    ####...
 Ozocubu's Armour         Chrm/Ice       #.......     65%         3    ####...
 Spectral Weapon          Hex/Chrm       #.......     65%         3    ####...
 Tukima's Dance           Hex            #.......     65%         3    ####...
 Hailstorm                Conj/Ice       #.......     96%         4    #####..
 Ice Form                 Ice/Tmut       #.......     96%         4    #####..
 Passage of Golubria      Tloc           N/A          96%         4    #####..
 Summon Ice Beast         Ice/Summ       #.......     96%         4    #####..
 Alistair's Intoxication  Tmut/Pois      #.......     100%        5    ######.
 Lee's Rapid Deconstruct  Erth           #.........   100%        5    ######.
 Metabolic Englaciation   Hex/Ice        #.........   100%        5    ######.
 Darkness                 Hex            #.........   100%        6    #######
 Freezing Cloud           Conj/Ice/Air   #.........   100%        6    #######
 Invisibility             Hex            #.......     100%        6    #######
 Ozocubu's Refrigeration  Ice            #.........   100%        6    #######
 Simulacrum               Ice/Necr       #.........   100%        6    #######


Dungeon Overview and Level Annotations

Branches:
Dungeon (15/15)            Temple (1/1) D:5            Lair (6/6) D:11
  Swamp (4/4) Lair:3       Spider (0/4) Lair:2        Slime (0/5) Lair:5
    Orc (2/2) D:12            Elf (0/3) Orc:2        Vaults (0/5) D:14
 Depths (0/5) D:15          Sewer (visited)           IceCv (visited)

Altars:
Ashenzari
Cheibriados
Dithmenos
Elyvilon
Fedhas
Gozag
Hepliaklqana
Makhleb
Nemelex Xobeh
Qazlal
Ru
Trog
Vehumet
Wu Jian
Yredelemnul
The Shining One
Beogh
Jiyva

Shops:
D:4 *(*   D:5 (=*   D:12 *   Orc:2 (=?*[


Innate Abilities, Weirdness & Mutations

You have hoof-like feet.
You are surrounded by a strong repulsion field. (EV +4, RMsl)
Your flesh is cold resistant. (rC+)
A demonic guardian rushes to your aid.
When hurt, damage is shared between your health and your magic reserves.
You regenerate magic rapidly.
Your life essence is reduced to manifest your ancestor. (-10% HP)


Message History

Korgan hits the briar patch but does no damage. x2
Your ice devil splashes around in the water.
Evoke which item? (* to show all) (? for menu, Esc to quit)
Aiming: Corrosive Bolt
Press: ? - help, Shift-Dir - straight line, f - thorn hunter
Aim: a thorn hunter (severely damaged, poisoned)
The bolt of acid hits the briar patch!!
The briar patch is splashed with acid.
The acid corrodes the briar patch!
You destroy the briar patch!
The bolt of acid hits the thorn hunter!!
The thorn hunter is splashed with acid.
The acid corrodes the thorn hunter!
The thorn hunter is almost destroyed.
The thorn hunter fires a volley of thorns at you.
The volley of thorns hits you!!
* * * LOW HITPOINT WARNING * * *
The thorn hunter looks more healthy.
You feel much better.
The thorn hunter fires a volley of thorns at you.
The volley of thorns hits you!!
You die...

♣.≈≈≈≈.♣♣ ♣
♣♣≈≈≈≈≈.♣
..♣.≈≈≈≈.≈♣♣♣♣
...≈≈≈..♣..≈♣
♣♣..§≈≈..§≈♣♣
♣♣§.≈≈...≈♣
♣♣≈.≈.♣♣♣♣
♣♣♣♣.≈♣♣♣♣
♣...≈♣≈.@♣♣
♣≈≈♣♣♣.≈f.♣
♣.≈♣ ♣≈≈PR♣♣
♣♣♣♣♣♣.≈4.P♣
♣≈.≈≈≈♣♣
♣♣.≈≈.♣
♣♣≈...♣
♣♣♣§♣♣♣≈♣
♣.≈≈≈♣...≈


You could see the friendly Korgan the knight, a thorn hunter (corroded) and a
friendly ice devil (summoned).

Vanquished Creatures
  Nikola (Swamp:1)
  Rupert (D:15)
  A thorn hunter (Swamp:3)
  An orc warlord (Orc:1)
  A frost giant (D:10)
  4 dire elephants (Lair:6)
  Nessos (D:12)
  2 ogre magi
  A rakshasa (D:15)
  3 vault guards (D:14)
  6 hydras
  A shambling mangrove (Swamp:3)
  An anaconda (Lair:6)
  A tengu warrior (D:13)
  5 alligators
  3 centaur warriors
  6 two-headed ogres
  6 death yaks (Lair:4)
  Sonja (D:13)
  A fire crab (Lair:5)
  3 unseen horrors
  3 swamp dragons
  3 deep elf magi
  An orc knight (Orc:2)
  A wolf spider (D:15)
  7 ugly things
  2 oklob plants
  2 cyclopes
  A salamander (D:15)
  2 black mambas
  A moth of wrath (shapeshifter) (D:15)
  7 elephants
  An ice statue (IceCv)
  3 rime drakes (D:10)
  A gargoyle (D:11)
  7 komodo dragons
  15 spiny frogs
  A kobold demonologist (D:12)
  2 freezing wraiths
  A tengu conjurer (D:11)
  An ice devil (Orc:2)
  3 trolls
  12 polar bears
  2 jumping spiders (Lair:2)
  2 tyrant leeches
  2 hornets
  3 dream sheep (Lair:4)
  2 hippogriffs
  4 bog bodies
  17 slime creatures
  11 blink frogs
  A shadow (D:13)
  41 yaks
  4 redbacks (Lair:2)
  A spriggan (Swamp:2)
  2 fire elementals (Lair:5)
  A wyvern (D:13)
  A wraith (D:11)
  A basilisk (Lair:6)
  A fire bat (Lair:5)
  5 hungry ghosts
  14 vampire mosquitoes
  5 insubstantial wisps
  12 swamp worms
  A two-headed ogre zombie (D:12)
  4 wargs (Orc:2)
  10 water moccasins
  A hell hound (Lair:5)
  4 acid dragons
  23 orc warriors
  A swamp drake (Swamp:1)
  3 ice beasts
  6 porcupines
  A hornet zombie (D:9)
  A sky beast (D:7)
  13 ogres
  2 necrophages
  3 phantoms
  11 wolves (IceCv)
  11 centaurs
  10 crocodiles
  15 bullfrogs
  2 gnoll sergeants
  A water moccasin skeleton (D:11)
  2 scorpions
  2 troll zombies (D:12)
  3 killer bees (D:8)
  3 howler monkeys (D:12)
  4 wights (D:7)
  2 bullfrog zombies
  7 crimson imps
  A quasit (D:8)
  4 centaur skeletons
  4 hounds
  16 orc priests
  4 jellies
  21 orc wizards
  2 iguanas
  A merfolk avatar (Sewer)
  12 worker ants
  A merfolk siren (Sewer)
  5 ogre zombies (D:12)
  2 hound zombies (D:6)
  2 hound skeletons
  8 gnolls
  13 adders
  2 river rats (Sewer)
  4 shadow imps
  An ooze (D:6)
  An adder skeleton (D:4)
  6 worms
  A dart slug (D:2)
  7 leopard geckos
  47 orcs
  7 bats
  10 giant cockroaches
  6 goblins
  8 hobgoblins
  13 jackals
  8 kobolds
  2 quokkas
  3 ball pythons (Sewer)
  6 frilled lizards
  A goblin skeleton (D:12)
  A hobgoblin skeleton (D:12)
  2 hobgoblin zombies (D:12)
  2 orc skeletons (D:12)
  15 orc zombies (D:12)
  27 rats
  8 briar patches
  6 plants
695 creatures vanquished.

Vanquished Creatures (collateral kills)
  2 thorn hunters
  A frost giant (IceCv)
  An orc warlord (Orc:2)
  Snorg (D:12)
  Josephine (Swamp:1)
  The ghost of Cowo the Geomancer, a journeyman DgEE (D:10)
  5 vault guards (D:14)
  10 hydras
  6 two-headed ogres
  A tengu warrior (D:13)
  3 alligators
  Urug (Orc:2)
  2 orc high priests (Orc:2)
  A death yak (IceCv)
  A spriggan druid (Swamp:3)
  2 swamp dragons (Swamp:1)
  An unseen horror (D:15)
  An orc knight (Orc:2)
  2 orc sorcerers (Orc:2)
  A deep elf mage (D:11)
  5 ugly things
  A manticore (D:11)
  A centaur zombie (D:13)
  2 elephants (Lair:3)
  A black mamba (Lair:6)
  A gargoyle (D:10)
  3 centaur skeletons
  2 spiny frogs
  A rime drake (IceCv)
  4 komodo dragons
  An ice devil (Orc:2)
  A troll (Orc:2)
  2 hornets
  9 polar bears
  5 blink frogs
  2 bog bodies
  4 slime creatures
  3 tyrant leeches
  2 dream sheep (Lair:4)
  A hippogriff (D:7)
  3 spriggans
  A shadow (Swamp:1)
  3 wraiths (Swamp:1)
  A vampire (D:11)
  A wyvern (Lair:5)
  19 yaks
  A hungry ghost (D:13)
  10 vampire mosquitoes
  4 swamp worms
  4 insubstantial wisps (Swamp:1)
  5 wargs
  A soldier ant (shapeshifter) (D:15)
  A water moccasin (D:8)
  A porcupine (Lair:1)
  A hornet zombie (D:15)
  17 orc warriors
  An ice beast (D:13)
  2 sky beasts (D:8)
  2 phantoms
  3 wolves (IceCv)
  3 centaurs
  4 ogres
  3 crocodiles
  5 bullfrogs
  A scorpion (D:12)
  2 killer bees (D:8)
  A wight (D:7)
  A crimson imp (D:8)
  5 orc priests
  2 bullfrog zombies
  6 worker ants
  8 orc wizards
  A worker ant zombie (D:6)
  A gnoll (D:7)
  An adder zombie (D:7)
  27 orcs
  A giant cockroach (Sewer)
  2 goblin skeletons (D:12)
  A goblin zombie (D:12)
  A hobgoblin zombie (D:12)
  9 briar patches
261 creatures vanquished.

Vanquished Creatures (others)
  A tyrant leech (Swamp:1)
  A polar bear (IceCv)
  17 knights
  3 ancestors
  13 fungi
  64 plants
  7 toadstools (Swamp:3)
106 creatures vanquished.

Grand Total: 1062 creatures vanquished

Notes
Turn   | Place    | Note
-------+----------+-------------------------------------------
     0 | D:1      | BledDest the Demonspawn Artificer began the quest for the
                  | Orb.
     0 | D:1      | Reached XP level 1. HP: 15/15 MP: 3/3
   260 | D:1      | Gained mutation: A weak demonic guardian rushes to your
                  | aid. [demonic ancestry]
   260 | D:1      | Reached XP level 2. HP: 16/22 MP: 4/4
  1516 | D:2      | Found a bloodstained altar of Trog.
  1530 | D:2      | HP: 1/23 [worm (8)]
  1887 | D:2      | Gained mutation: When hurt, damage is shared between your
                  | health and your magic reserves. [demonic ancestry]
  1887 | D:2      | Reached XP level 3. HP: 5/29 MP: 5/5
  2911 | D:2      | Gained mutation: You are surrounded by a mild repulsion
                  | field. (EV +2) [demonic ancestry]
  2911 | D:2      | Reached XP level 4. HP: 26/37 MP: 4/6
  3237 | D:2      | Found a glowing golden altar of the Shining One.
  3976 | D:4      | Found Tozag's General Store.
  3984 | D:4      | Bought a potion of curing for 39 gold pieces
  3984 | D:4      | Bought a scroll of identify for 26 gold pieces
  3984 | D:4      | Bought a scroll of enchant weapon for 97 gold pieces
  4082 | D:4      | Noticed a phantom
  4093 | D:4      | Killed a phantom
  4093 | D:4      | Gained mutation: You are surrounded by a moderate repulsion
                  | field. (EV +3) [demonic ancestry]
  4093 | D:4      | Reached XP level 5. HP: 43/43 MP: 7/7
  4106 | D:4      | Found Peenuq's General Store.
  4106 | D:4      | Found a glowing drain.
  4129 | Sewer    | Entered a sewer
  4323 | Sewer    | Reached skill level 5 in Fighting
  4334 | Sewer    | Reached XP level 6. HP: 51/51 MP: 8/8
  4529 | D:4      | Found a shadowy altar of Dithmenos.
  4974 | D:4      | Found Icofun's Antique Weapon Shop.
  5182 | D:5      | Entered Level 5 of the Dungeon
  5182 | D:5      | Found Zux Porch's Jewellery Shop.
  5191 | D:5      | Found Ymebuc's Assorted Antiques.
  5392 | D:5      | Found Etipyawkygu's Weapon Shop.
  5420 | D:5      | Found a shattered altar of Ashenzari.
  5608 | D:5      | Found a staircase to the Ecumenical Temple.
  5711 | Temple   | Entered the Ecumenical Temple
  5727 | Temple   | Became a worshipper of Hepliaklqana the Forgotten
  5801 | D:6      | Gained mutation: You are surrounded by a strong repulsion
                  | field. (EV +4, RMsl) [demonic ancestry]
  5801 | D:6      | Reached XP level 7. HP: 50/50 MP: 9/9
  6054 | D:6      | Reached skill level 5 in Maces & Flails
  6512 | D:6      | Reached XP level 8. HP: 52/58 MP: 10/10
  6840 | D:7      | Found an opulent altar of Gozag.
  6861 | D:7      | Noticed a hippogriff
  6866 | D:7      | Killed a hippogriff
  7764 | D:7      | Reached XP level 9. HP: 39/65 MP: 11/11
  7983 | D:7      | Reached * piety under Hepliaklqana
  8715 | D:8      | Found an ornate altar of the Wu Jian Council.
  8734 | D:8      | Noticed a two-headed ogre
  8782 | D:8      | Killed a two-headed ogre
  8782 | D:8      | Reached skill level 10 in Maces & Flails
  9017 | D:8      | Reached skill level 1 in Armour
  9323 | D:8      | Reached skill level 4 in Evocations
  9360 | D:8      | Gained mutation: You have large cloven feet. [demonic
                  | ancestry]
  9360 | D:8      | Reached XP level 10. HP: 15/72 MP: 13/13
  9383 | D:8      | Reached skill level 5 in Armour
  9383 | D:8      | Reached skill level 7 in Evocations
  9383 | D:8      | Gained mutation: You regenerate magic rapidly. [demonic
                  | ancestry]
  9383 | D:8      | Reached XP level 11. HP: 13/77 MP: 16/16
  9384 | D:8      | Reached skill level 8 in Evocations
  9384 | D:8      | Reached XP level 12. HP: 14/82 MP: 18/18
  9729 | D:8      | Identified the +7 long sword "Komuodgh" {venom, rF+ rN+
                  | Str+3}
 10636 | D:9      | Reached ** piety under Hepliaklqana
 10637 | D:9      | Remembered your ancestor Korgan as a knight
 10680 | D:9      | Got a heavily runed chain mail
 10681 | D:9      | Identified the cursed +0 chain mail of Pantheism {rElec rC-
                  | MP+9 Dex+4} (You found it on level 9 of the Dungeon)
 10771 | D:9      | Reached skill level 1 in Long Blades
 10878 | D:9      | Reached skill level 9 in Evocations
 11369 | D:9      | Found a sparkling altar of Nemelex Xobeh.
 11371 | D:9      | Found a sacrificial altar of Ru.
 11443 | D:10     | Entered Level 10 of the Dungeon
 11803 | D:10     | Noticed a frost giant
 11823 | D:10     | Killed a frost giant
 12035 | D:10     | Got the broad axe "Gummaq" {freeze}
 12045 | D:10     | Identified the +2 broad axe "Gummaq" {freeze, *Corrode
                  | rElec Str+8 Dex-3} (You found it on level 10 of the
                  | Dungeon)
 12267 | D:10     | Found a runed translucent door.
 12267 | D:10     | Noticed Cowo's ghost (journeyman DgEE)
 12278 | D:10     | Killed Cowo's ghost
 12564 | D:10     | Found a stormy altar of Qazlal.
 13143 | D:11     | Noticed a centaur warrior
 13154 | D:11     | Killed a centaur warrior
 13190 | D:11     | Noticed a two-headed ogre
 13192 | D:11     | Reached skill level 5 in Long Blades
 13199 | D:11     | Killed a two-headed ogre
 13214 | D:11     | Reached *** piety under Hepliaklqana
 13510 | D:11     | Noticed a two-headed ogre
 13516 | D:11     | Killed a two-headed ogre
 13755 | D:11     | Reached skill level 10 in Evocations
 14077 | D:11     | Found a staircase to the Lair.
 14097 | D:11     | Reached XP level 13. HP: 88/88 MP: 20/20
 14728 | Lair:1   | Entered Level 1 of the Lair of Beasts
 17142 | Lair:2   | Found a hole to the Spider Nest.
 17637 | Lair:3   | You fall into a shaft and drop 1 floor!
 17667 | Lair:4   | Reached skill level 10 in Dodging
 18011 | Lair:4   | Reached skill level 10 in Armour
 18103 | Lair:3   | Got a steaming ring mail
 18310 | Lair:2   | Identified the +1 ring mail of the Catfish {rCorr} (You
                  | found it on level 3 of the Lair of Beasts)
 18524 | Lair:3   | Found a staircase to the Swamp.
 18686 | Lair:3   | Reached skill level 10 in Long Blades
 18690 | Lair:3   | Reached XP level 14. HP: 86/94 MP: 21/21
 20311 | Lair:5   | Found a transporter.
 20517 | Lair:5   | Found a transporter.
 20522 | Lair:5   | Reached **** piety under Hepliaklqana
 20953 | Lair:5   | Found a viscous altar of Jiyva.
 20953 | Lair:5   | Found a staircase to the Slime Pits.
 21326 | Lair:6   | Entered Level 6 of the Lair of Beasts
 21326 | Lair:6   | Found a sparkling altar of Nemelex Xobeh.
 23251 | Lair:6   | Identified the ring of the Final Servitors {+Blink MR++
                  | rCorr Dex-3 SInv} (You found it on level 6 of the Lair of
                  | Beasts)
 23299 | Lair:6   | HP: 1/141 [dire elephant (14)]
 23679 | Lair:6   | Got a crude platinum ring
 23681 | Lair:6   | Identified the ring of Plog {rF+ SInv} (You found it on
                  | level 6 of the Lair of Beasts)
 23686 | Lair:6   | Got a twisted great sword
 23687 | Lair:6   | Identified the cursed +1 great sword of Wyler {flame, rF+
                  | Int+4 Stlth-} (You found it on level 6 of the Lair of
                  | Beasts)
 24800 | D:12     | Found Piytuyng's Assorted Antiques.
 24813 | D:12     | Bought a wand of acid (11) for 248 gold pieces
 25216 | D:12     | Found a staircase to the Orcish Mines.
 25216 | D:12     | Noticed Nessos
 25222 | D:12     | Noticed Snorg
 25237 | D:12     | Killed Nessos
 25259 | D:12     | Killed Snorg
 25629 | D:12     | Reached ***** piety under Hepliaklqana
 25781 | D:12     | Gained mutation: A demonic guardian rushes to your aid.
                  | [demonic ancestry]
 25781 | D:12     | Reached XP level 15. HP: 99/100 MP: 22/22
 26373 | D:13     | Clear Orc
 26411 | D:13     | Noticed Sonja
 26419 | D:13     | Killed Sonja
 27131 | Orc:1    | Entered Level 1 of the Orcish Mines
 27248 | Orc:1    | Noticed an orc warlord
 27264 | Orc:1    | Killed an orc warlord
 27264 | Orc:1    | Reached skill level 11 in Evocations
 27734 | Orc:2    | Entered Level 2 of the Orcish Mines
 27742 | Orc:2    | Found a staircase to the Elven Halls.
 27869 | Orc:2    | Found a frozen archway.
 27897 | IceCv    | Entered an ice cave
 28020 | IceCv    | Reached skill level 10 in Fighting
 28548 | IceCv    | Noticed a frost giant
 28596 | IceCv    | Killed a frost giant
 28618 | IceCv    | Reached skill level 12 in Evocations
 28993 | IceCv    | Got a smoking iron amulet
 28995 | IceCv    | Got a clouded lead ring
 29039 | Orc:2    | Found Quteug's Magic Scroll Shoppe.
 29265 | Orc:2    | Identified the amulet of Limitation {RegenMP +Fly Stlth+}
                  | (You found it in an ice cave)
 29266 | Orc:2    | Identified the ring "Omamom" {*Corrode rPois rF+++ rC+
                  | Dex-2} (You found it in an ice cave)
 29422 | Orc:2    | Noticed Urug
 29423 | Orc:2    | Found a roughly hewn altar of Beogh.
 29423 | Orc:2    | Noticed an orc warlord
 29444 | Orc:2    | Killed Urug
 29455 | Orc:2    | Killed an orc warlord
 29502 | Orc:2    | Found Pyjufur's Antique Weapon Emporium.
 29508 | Orc:2    | Found Pamir's Jewellery Emporium.
 30270 | Orc:2    | Found Toikliot's General Store.
 30285 | Orc:2    | Found Moan's Antique Armour Emporium.
 30292 | Orc:2    | Bought a runed helmet for 217 gold pieces
 31023 | Swamp:1  | Entered Level 1 of the Swamp
 31024 | Swamp:1  | Noticed Nikola
 31527 | D:5      | Bought the ring of the Present {rElec Str+6 Int+3 Dex+2
                  | Stlth+} for 1287 gold pieces
 31785 | Swamp:1  | Killed Nikola
 31785 | Swamp:1  | Gained mutation: Your flesh is cold resistant. (rC+)
                  | [demonic ancestry]
 31785 | Swamp:1  | Reached XP level 16. HP: 106/113 MP: 25/25
 31833 | Swamp:1  | Noticed Josephine
 31856 | Swamp:1  | Killed Josephine
 32283 | Swamp:1  | Reached skill level 13 in Evocations
 33412 | D:14     | Found a gate to the Vaults.
 33430 | D:14     | Reached skill level 1 in Shields
 34335 | D:15     | Entered Level 15 of the Dungeon
 34349 | D:15     | Noticed Rupert
 34376 | D:15     | Killed Rupert
 34637 | D:15     | Found a glowing golden altar of the Shining One.
 35302 | D:15     | Reached ****** piety under Hepliaklqana
 35335 | D:15     | Found a staircase to the Depths.
 37187 | Swamp:3  | Reached skill level 14 in Evocations
 37714 | Swamp:3  | Reached skill level 5 in Shields
 37985 | Swamp:3  | Noticed a thorn hunter
 38005 | Swamp:3  | Killed a thorn hunter
 38054 | Swamp:3  | Noticed a thorn hunter
 38065 | Swamp:3  | Killed a thorn hunter
 38100 | Swamp:3  | Gained mutation: You have hoof-like feet. [demonic
                  | ancestry]
 38100 | Swamp:3  | Reached XP level 17. HP: 123/123 MP: 27/27
 38646 | Swamp:4  | Entered Level 4 of the Swamp
 38691 | Swamp:4  | HP: 4/123 [spriggan rider/+0 spear (7)]
 38696 | Swamp:4  | HP: 3/123 [spriggan rider/+0 spear (2)]
 38697 | Swamp:4  | HP: 1/123 [spriggan rider/+0 spear (3)]
 38707 | Swamp:4  | HP: 3/123 [thorn hunter/volley of thorns (17)]
 38709 | Swamp:4  | Killed from afar by a thorn hunter

Illustrated notes

#.....)....#
#............
#.............
......)......
#.............# .
#.............# .
#.............# .
#...########..# # .. .
#...# #..###'#... .
#...# #.......... .
#...# #..@....... .
#...# #.R........ .
#...########..........
.
#.....................
#.........###########<
##........# #........#
#........# ..
#........###'#


Turn 26373 on D:13: Clear Orc

Levels and vault maps discovered:
D:1:      ncdulo_halloftheorcs, layout_basic, minmay_split_cup_small
D:2:      layout_loops_ring, bloody_trog, lemuel_crystal_altar, first_ration,
          minmay_misc_feat_rows
D:3:      layout_basic
D:4:      layout_loops_ring, serial_shops, nicolae_shop_window_shopping, shop,
          nicolae_shop_stone, gup_sewer_entry_glass,
          grunt_dithmenos_smoke_and_mirrors
D:5:      layout_rooms, temple_statues, serial_shops, shop_statue, shop,
          nicolae_shop_behind_doors, basic_altar
D:6:      layout_basic
D:7:      layout_layer_cave, basic_altar, grunt_ogre_cave
D:8:      layout_loops_corners, lemuel_crystal_altar, minmay_diced_spiral
D:9:      layout_loops_ring, nicolae_overflow_hidden_temple,
          minmay_misc_feat_room
D:10:     minmay_coctagon, layout_cave_pods, ebering_ghost_reflecting_pool,
          st_stairs_7, chequers_decorated_corner, lemuel_oklob_altar
D:11:     layout_long_grid, erik_lair_orcish_takeover,
          minmay_misc_feat_more_columns, minivault_28
D:12:     layout_roguey, zombieorc2_lemuel, serial_shops,
          nicolae_shop_waterfront, uniq_snorg, uniq_nessos
D:13:     layout_irregular_city, uniq_sonja
D:14:     layout_rooms, erik_vaults_2
D:15:     hangedman_depths_entry_try_elsewhere_first, layout_cave_pods,
          tso_metal_star, uniq_rupert
Temple:   eino_temple_water
Lair:1:   layout_loops_ring, minmay_lair_oklob_chamber
Lair:2:   layout_misc_corridors, nicolae_spider_entry_tight_spaces,
          minmay_hedge_maze, grunt_megastairs_2
Lair:3:   layout_regular_city, skrybe_swamp_entry_bodies
Lair:4:   layout_loops_ring, chequers_serial_rivers_large_b, grunt_megastairs_4
Lair:5:   gammafunk_cloud_chamber, layout_regular_city,
          dpeg_slime_entry_enclosed_altar
Lair:6:   due_jungle_book, layout_small_grid, basic_altar, serial_forest,
          infiniplex_forest_clump_C, infiniplex_forest_straight_4,
          infiniplex_forest_clump_double, infiniplex_forest_clump_double,
          infiniplex_forest_end_2, infiniplex_forest_lined_corner,
          infiniplex_forest_clump_diagonal, infiniplex_forest_lined_1,
          infiniplex_forest_zigzag_1
Swamp:1:  layout_falls_marsh, hangedman_swamp_cone, uniq_josephine, uniq_nikola
Swamp:2:  layout_falls_marsh, nicolae_swamp_rocky_clearing
Swamp:3:  cheibrodos_swamp_tower_of_moss, layout_basic_swamp,
          evilmike_swamp_ruin_house_3
Swamp:4:  swamp_alternative, layout_basic_swamp, swamp_pool4
Orc:1:    layout_caves
Orc:2:    grunt_orc_cross, layout_caves, serial_shops, shop,
          portal_ice_cave_demonic_guard, nooodl_orcs_dogs

Skill      XL: |  1  2  3  4  5  6  7  8  9 10 11 12 13 14 15 16 |
---------------+-------------------------------------------------+-----
Fighting       | 2 3 4 5 6 7 8 11 13 | 13.3
Maces & Flails | 2 4 6 8 10 | 10.0
Dodging        | 3 6 7 9 10 | 10.0
Armour         | 2 5 7 8 10 | 10.0
Evocations     | 4 7 8 10 12 14 | 14.3
Long Blades    | 6 10 13 | 13.9
Shields        | 5 |  5.7
Short Blades   | |  0.8
Stealth        | |  0.8

Action                   |  1- 3 |  4- 6 |  7- 9 | 10-12 | 13-15 | 16-18 || total
-------------------------+-------+-------+-------+-------+-------+-------++-------
Melee: Short sword       |    82 |       |       |       |       |       ||    82
       Spear             |    37 |       |       |       |       |       ||    37
       Rapier            |    61 |    28 |       |       |       |       ||    89
       Flail             |       |   158 |   320 |    22 |    68 |       ||   568
       Long sword        |       |       |       |   229 |  1526 |   466 ||  2221
       Great sword       |       |       |       |       |     3 |     2 ||     5
Invok: Ancestor Identity |       |     1 |       |       |       |       ||     1
       Recall Ancestor   |       |       |       |     3 |     4 |     1 ||     8
       Ancestor Life: Kn |       |       |       |     1 |       |       ||     1
       Transference      |       |       |       |       |     1 |       ||     1
Evoke: Wand              |       |     7 |       |     9 |    38 |    25 ||    79
       Phial of floods   |       |       |       |       |     3 |     1 ||     4
       Lightning rod     |       |       |       |       |     6 |     4 ||    10
  Use: Scroll            |       |     5 |     1 |     8 |    27 |     2 ||    43
       Potion            |       |       |       |     2 |     3 |     4 ||     9
 Stab: Sleeping          |     2 |       |     1 |       |       |       ||     3
       Distracted        |       |     2 |     4 |     4 |     9 |     6 ||    25
       Paralysed         |       |       |       |       |     5 |       ||     5
  Eat: Chunk             |     3 |     9 |    13 |     9 |    47 |    11 ||    92
       Ration            |     1 |       |       |     2 |     5 |     3 ||    11
Armor: Leather armour    |    41 |       |    20 |    41 |     4 |       ||   106
       Ring mail         |       |    32 |    42 |       |       |       ||    74
       Plate armour      |       |       |       |       |   656 |    24 ||   680
       Swamp dragon scal |       |       |       |       |       |    94 ||    94
Dodge: Dodged            |   130 |   116 |   226 |   214 |  1008 |   332 ||  2026
       Repelled          |       |       |     6 |    10 |    16 |    16 ||    48
Block: Other             |       |    47 |    84 |    57 |   334 |    22 ||   544
       Reflection        |       |       |     3 |     1 |    12 |    16 ||    32
       Kite shield       |       |       |       |       |       |   338 ||   338
       Rpst.: Long sword |       |       |       |    54 |   263 |    78 ||   395
       Great sword       |       |       |       |       |       |     1 ||     1
